 Dungeon Crawl Stone Soup version 0.31-a0-204-g7da18cac08 (webtiles) character file.

Game seed: 1880760632793725851

16 qw the Shooter (level 2, 0/16 HPs)
             Began as a Deep Elf Hunter on June 27, 2023.
             Succumbed to an adder's poison
             ... on level 2 of the Dungeon.
             The game lasted 00:00:12 (899 turns).

qw the Shooter (Deep Elf Hunter)                     Turns: 899, Time: 00:00:12

Health: 0/16       AC:  4    Str:  8    XL:     2   Next: 41%
Magic:  4/4        EV: 12    Int: 13    God:
Gold:   19         SH:  0    Dex: 18    Spells: 1/1 levels left

rFire   . . .        Y - +0 shortbow
rCold   . . .        (shield currently unavailable)
rNeg    . . .        c - +0 leather armour
rPois   .            (no helmet)
rElec   .            (no cloak)
rCorr   .            e - +0 pair of gloves
SInv    .            (no boots)
Will    .....        (no amulet)
Stlth   ++           (no ring)
HPRegen 0.22/turn    (no ring)
MPRegen 0.09/turn

%: no passive effects
@: lethally poisoned (0 -> -7), about to teleport
A: no striking features
a: no special abilities


You were on level 2 of the Dungeon.
You visited 1 branch of the dungeon, and saw 2 of its levels.

You collected 19 gold pieces.


   Skills:
 - Level 1.5 Fighting
 + Level 6.2 Ranged Weapons
 - Level 2.4 Dodging
 - Level 1.2 Stealth


You had one spell level left.
You didn't know any spells.
Your spell library was empty.

Inventory:

Hand Weapons
 Y - a +0 shortbow (weapon)
Armour
 c - a +0 leather armour (worn)
 e - a +0 pair of gloves (worn)
Jewellery
 f - a ring of fire
Potions
 b - a potion of might {unknown}
 g - a potion of attraction {unknown}

Dungeon Overview and Level Annotations

Branches:
Dungeon (2/15)

Altars:

Shops:
D:1 ?


Message History

You shoot an arrow. The arrow hits the kobold.
You kill the kobold!
You see here a +2 short sword of holy wrath.
A rat comes into view.
You shoot an arrow. The arrow hits the rat.
You kill the rat!
An adder comes into view.
You shoot an arrow. The arrow hits the adder.
The adder hisses angrily.
The adder is moderately wounded.
A rat comes into view.
The adder barely misses you.
You shoot an arrow. The arrow closely misses the adder.
The adder completely misses you.
You shoot an arrow.
The arrow hits the adder but does no damage.
The adder is moderately wounded.
The adder bites you.
You are poisoned.
The adder poisons you! The adder closely misses you.
You shoot an arrow.
The arrow hits the adder but does no damage.
The adder is moderately wounded.
You feel sick. The adder barely misses you.
You shoot an arrow. The arrow misses the adder.
You feel sick. The adder bites you.
You are more poisoned.
The adder poisons you! The adder bites you.
You are lethally poisoned!
The adder poisons you!
You shoot an arrow. The arrow hits the adder.
The adder is heavily wounded.
You feel sick. The adder barely misses you.
898 ||| READING scroll of teleportation.
As you read the scroll of teleportation, it crumbles to dust.
You feel strangely unstable.
You feel sick. The adder bites you.
You shoot an arrow. The arrow hits the adder.
The adder is severely wounded.
You die...

### ##########..
#.......##.# ####
#.#.P...##.# ..#
#.##P...##.# #.#
#.##.......#
##.#####.##.##.####
#........##.##)#
#.@#####.##.##.#
#..Sr# #.......#
#.##.# #.......# #.
.# #..#.##.# ..
.....#.##.# ...
####.#.#... ...
......... #...
#.#.#...##
#.#.##...


You could see an adder and a rat.

Vanquished Creatures
  A ball python (D:1)
  A bat (D:1)
  An endoplasm (D:1)
  2 hobgoblins (D:1)
  4 kobolds
  2 quokkas (D:1)
  A goblin (D:1)
  3 rats
15 creatures vanquished.

Notes
Turn   | Place    | Note
-------+----------+-------------------------------------------
     0 | D:1      | qw the Deep Elf Hunter began the quest for the Orb.
     0 | D:1      | Reached XP level 1. HP: 12/12 MP: 3/3
     0 | D:1      | 0 ||| qw: Version: 0.3-a-22-g0ed2b0b
     0 | D:1      | 0 ||| qw: Game counter: 6629
     0 | D:1      | 0 ||| qw: Melee chars always use a shield: true
     0 | D:1      | 0 ||| qw: God list: Okawaru
     0 | D:1      | 0 ||| qw: Allow faded altars: false
     0 | D:1      | 0 ||| qw: Do Orc after clearing Dungeon:15 true
     0 | D:1      | 0 ||| qw: Do second Lair branch before Depths: true
     0 | D:1      | 0 ||| qw: Lair rune preference: random
     0 | D:1      | 0 ||| qw: Goals: Normal
     0 | D:1      | 0 ||| PLANNING D:1-11
    92 | D:1      | Found Kipnereg's Magic Scroll Boutique.
   102 | D:1      | 102 ||| SHOPLISTING scroll of enchant armour (105 gold,
                  | have 0).
   102 | D:1      | 102 ||| SHOPLISTING scroll of identify (28 gold, have 0).
   102 | D:1      | 102 ||| SHOPLISTING scroll of teleportation (42 gold, have
                  | 0).
   287 | D:1      | Reached XP level 2. HP: 16/16 MP: 4/4
   317 | D:1      | Reached skill level 6 in Ranged Weapons
   831 | D:1      | 831 ||| UPGRADING to +0 pair of gloves.
   836 | D:1      | 836 ||| READING 2 scrolls labelled HONOMM VOONK.
   840 | D:1      | 840 ||| DROPPING scroll of butterflies.
   897 | D:2      | HP: 4/16 [poisoned by an adder]
   898 | D:2      | 898 ||| READING scroll of teleportation.
   899 | D:2      | Succumbed to an adder's poison

Levels and vault maps discovered:
D:1:      dpeg_arrival_simpleton_a, layout_basic, serial_shops,
          nicolae_shop_hallway_plus, minmay_misc_feat_columns, grunt_decor_cap
D:2:      minmay_chambers_of_ones, layout_loops_corners, serial_forest,
          infiniplex_forest_clump_tiny, infiniplex_forest_straight_3,
          infiniplex_forest_clump_curved, infiniplex_forest_clump_diagonal,
          infiniplex_forest_end_1, dreamdust_ecumenical_altar_angels_and_demons,
          minmay_tripent

Skill      XL: |  1  2 |
---------------+-------+-----
Ranged Weapons | 6 |  6.2
Fighting       | |  1.5
Dodging        | |  2.4
Stealth        | |  1.2

Action                     || total
---------------------------++-------
   Fire: Shortbow          ||    37
    Use: Scroll            ||     2
 Armour: Leather armour    ||     1
  Dodge: Dodged            ||     7

Table legend:
 A = Non-vault XP
 B = Vault XP
 C = Vault XP percentage of total XP
 D = Non-vault monster count
 E = Vault monster count
 F = Vault count percentage of total count
                 A         B        C        D         E       F
            +---------+---------+-------+---------+---------+-------
      Total |      24 |       0 |   0.0 |      15 |       0 |   0.0
            +---------+---------+-------+---------+---------+-------
        D:1 |      22 |       0 |   0.0 |      13 |       0 |   0.0
        D:2 |       2 |       0 |   0.0 |       2 |       0 |   0.0
            +---------+---------+-------+---------+---------+-------
